 Dungeon Crawl Stone Soup version 0.28.0-47-ge53b351184 (webtiles) character file.

Game seed: 7714345820731897832

5561 Gabide the Nimble (level 11, -12/130 HPs)
             Began as a Human Monk on May 9, 2022.
             Was a Priest of Sif Muna.
             Mangled by an orc knight
             ... wielding a +0 war axe
              (19 damage)
             ... in a bailey.
             The game lasted 00:24:13 (10536 turns).

Gabide the Nimble (Human Monk)                     Turns: 10536, Time: 00:24:14

Health: -12/130    AC: 25    Str: 13 (16) XL:     11   Next: 2%
Magic:  0/14       EV:  2    Int:  4 (6)  God:    Sif Muna [***...]
Gold:   337        SH:  0    Dex: 13 (15) Spells: 10/10 levels left

rFire   . . .      SeeInvis +   y - +8 frozen axe "Frostbite" {freezing cloud, *Noise Fly rC+}
rCold   + . .      Faith    .   (shield currently unavailable)
rNeg    . . .      Spirit   +   (armour currently unavailable)
rPois   +          Reflect  .   (helmet currently unavailable)
rElec   .          Harm     .   (cloak currently unavailable)
rCorr   +          Rampage  .   (gloves currently unavailable)
Will    ++...      NoTele   +   (boots currently unavailable)
Stlth   ++........              e - amulet of guardian spirit
HPRegen 0.31/turn               l - ring "Ramycum" {Will++ rCorr Int-5}
MPRegen 0.14/turn               f - ring of see invisible

@: tree-form, on berserk cooldown, slowed, very slow
A: stationary, stasis, torment immunity, boosted hp
a: Renounce Religion, Channel Magic, Forget Spell


You were in a bailey.
You worshipped Sif Muna.
Sif Muna was most pleased with you.
You were a tree.
You visited 2 branches of the dungeon, and saw 10 of its levels.
You also visited: Bailey.

You collected 337 gold pieces.

Inventory:

Hand Weapons
 i - the +6 shillelagh "Devastator" {shatter}
   (You found it on level 7 of the Dungeon)

   It releases a powerful concussive burst when it strikes, dealing extra damage
   to the target and all other foes adjacent to them.
 m - the +6 hand axe of Imminent Death {antimagic, rPois rF+ rCorr Str-5}
   (You found it on level 4 of the Dungeon)

   It reduces the magical energy of the wielder, and disrupts the spells and
   magical abilities of those it strikes.
   Natural abilities and divine invocations are not affected.
   Str:       It affects your strength (-5).
   rF:        It protects you from fire.
   rPois:     It protects you from poison.
   rCorr:     It protects you from acid and corrosion.
 n - the +11 mace of Uskayaw's Supremacy {freeze, *Noise rElec Str+2 Dex+4}
   (You found it on level 3 of the Dungeon)

   It freezes those it strikes, dealing additional cold damage.
   It can also slow down cold-blooded creatures.
   Str:       It affects your strength (+2).
   Dex:       It affects your dexterity (+4).
   rElec:     It insulates you from electricity.
   *Noise:    It may make noises in combat.
 y - the +8 frozen axe "Frostbite" (weapon) {freezing cloud, *Noise Fly rC+}
   (You found it on level 8 of the Dungeon)

   It freezes those it strikes, dealing additional cold damage.
   It can also slow down cold-blooded creatures.
   It occasionally leaves clouds of freezing vapour upon striking a foe.
   It grants immunity to clouds of freezing vapour.
   rC:        It protects you from cold.
   Fly:       It grants you flight.
   *Noise:    It may make noises in combat.
 D - a +1 trident of holy wrath
 F - a +5 spear of protection
Armour
 k - an orb of wrath
 p - a +0 helmet (melded)
 w - a +0 cloak (melded)
 C - a +0 scale mail (melded)
Jewellery
 d - a ring of positive energy
 e - an amulet of guardian spirit (around neck)
 f - a ring of see invisible (right branch)
 j - a ring of willpower
 l - the ring "Ramycum" (left branch) {Will++ rCorr Int-5}
   (You acquired it on level 6 of the Dungeon)

   [ring of resist corrosion]

   Int:       It affects your intelligence (-5).
   rCorr:     It protects you from acid and corrosion.
   Will:      It greatly increases your willpower.
 q - an amulet of magic regeneration
 v - a ring of protection from cold
 E - a ring of wizardry
Wands
 o - a wand of flame (31)
 r - a wand of polymorph (7)
 u - a wand of mindburst (17)
Potions
 a - a potion of might
 g - a potion of lignification
 h - 2 potions of curing
 s - a potion of berserk rage
 t - 3 potions of degeneration
 z - a potion of ambrosia {unknown}
 A - a potion of flight {unknown}
 B - a potion of attraction {unknown}


   Skills:
 + Level 8.6 Fighting
 * Level 1.8(5.6) Axes
 - Level 8.4(8.5) Polearms
 - Level 5.0 Armour
 + Level 8.6 Dodging
 - Level 2.0 Stealth
 * Level 5.1 Invocations


You had 10 spell levels left.
You didn't know any spells.
Your spell library contained the following spells:

 Spells                   Type           Power      Damage    Failure   Level
 Gell's Gravitas          Tloc           0%         N/A       86%         3
 Lesser Beckoning         Tloc           0%         N/A       86%         3
 Teleport Other           Tloc           0%         N/A       86%         3


Dungeon Overview and Level Annotations

Branches:
Dungeon (9/15)             Temple (1/1) D:7          Bailey (1/1)
   Lair: D:8-11         Orc: D:9-12

Altars:
Ashenzari
Cheibriados
Dithmenos
Elyvilon
Fedhas
Gozag
Hepliaklqana
Kikubaaqudgha
Makhleb
Nemelex Xobeh
Okawaru
Qazlal
Ru
Sif Muna
Trog
Uskayaw
Vehumet
Wu Jian
Xom
Yredelemnul
Zin
The Shining One

Annotations:
D:4 2 transporters, Descartes's ghost, novice FoWr


Message History

You kill the gnoll!
Sif Muna accepts your kill.
You slash the hobgoblin! You freeze the hobgoblin.
You kill the hobgoblin!
Sif Muna accepts your kill.
The goblin hits you but does no damage. x3
You feel much better. The goblin hits you but does no damage.
The goblin hits you with a +0 hand axe.
The goblin hits you but does no damage. x3
You closely miss the goblin. You hit the goblin. You freeze the goblin.
You closely miss the goblin. The goblin barely misses you.
The goblin hits you but does no damage. x5
You slash the orc knight! You freeze the orc knight.
The orc knight is moderately wounded.
You slash the goblin! You freeze the goblin.
You kill the goblin!
Sif Muna accepts your kill.
You hit the goblin. You freeze the goblin.
You kill the goblin!
Sif Muna accepts your kill.
The orc knight is engulfed in freezing vapours.
The orc knight hits you with a +0 war axe!
* * * LOW HITPOINT WARNING * * *
The goblin hits you but does no damage.
The orc knight is engulfed in freezing vapours.
The orc knight hits you but does no damage.
The goblin hits you but does no damage.
The orc knight is engulfed in freezing vapours.
The orc knight hits you with a +0 war axe!
* * * LOW HITPOINT WARNING * * *
You aren't carrying any scrolls.
You hit the orc knight. You freeze the orc knight.
The orc knight is severely wounded.
You barely miss the goblin. The goblin hits you but does no damage.
The orc knight is engulfed in freezing vapours.
The orc knight drinks a potion.
The orc knight is healed!
The goblin hits you with a +3 hand axe.
* * * LOW HITPOINT WARNING * * *
The orc knight is engulfed in freezing vapours.
The orc knight hits you with a +0 war axe!!
You die...

## ##.###
###.....##
##.........
....
#..........
....
#..........
....
#.....⌠....
...⌠
#..........
....
#☼♣........
....
##og.......
....
#'#.....##
..###.###
.... ## #
.... #
..... #
.⌠.... # #


You could see an orc knight and a goblin.

Vanquished Creatures
  A cyclops (D:7)
  Joseph (D:8)
  A gargoyle (D:7)
  3 ice devils (D:8)
  A freezing wraith (D:8)
  Grinder (D:5)
  Eustachio (D:6)
  Menkaure (D:6)
  An ice beast (D:6)
  8 orc warriors
  2 necrophages
  An ogre (D:4)
  2 phantoms
  3 bullfrogs
  2 scorpions
  2 water moccasin skeletons
  10 killer bees
  9 wights
  2 howler monkeys (D:8)
  2 electric eels (D:6)
  A centaur zombie (D:5)
  2 hounds
  A jelly (D:4)
  A centaur skeleton (D:7)
  An orc priest (D:7)
  3 iguanas
  2 orc wizards (D:7)
  Ijyb (D:3)
  A killer bee zombie (D:8)
  A howler monkey zombie (D:7)
  7 gnolls (Bailey)
  2 adders (D:2)
  3 white imps
  An ufetubus (D:4)
  An adder skeleton (D:4)
  A worm (D:2)
  3 dart slugs
  22 orcs
  7 endoplasms
  5 giant cockroaches
  14 goblins
  11 hobgoblins
  7 jackals
  A quokka (D:2)
  4 ball pythons
  4 bats
  4 frilled lizards
  4 kobolds
  3 rats
172 creatures vanquished.

Notes
Turn   | Place    | Note
-------+----------+-------------------------------------------
     0 | D:1      | Gabide the Human Monk began the quest for the Orb.
     0 | D:1      | Reached XP level 1. HP: 18/18 MP: 1/1
   333 | D:1      | Found a faded altar of an unknown god.
   541 | D:1      | Reached XP level 2. HP: 24/24 MP: 2/2
  1165 | D:2      | Reached XP level 3. HP: 29/29 MP: 3/3
  1364 | D:2      | You fall into a shaft and drop 1 floor!
  1364 | D:3      | Noticed a phantom
  1644 | D:2      | Reached XP level 4. HP: 36/36 MP: 4/4
  2165 | D:3      | Killed a phantom
  2166 | D:3      | Reached XP level 5. HP: 23/42 MP: 3/5
  2668 | D:3      | Noticed Ijyb
  2854 | D:3      | Identified the +11 mace of Uskayaw's Supremacy {freeze,
                  | *Noise rElec Str+2 Dex+4}
  2902 | D:3      | Reached XP level 6. HP: 49/49 MP: 6/6
  3009 | D:3      | Found an iron altar of Okawaru.
  3126 | D:3      | Killed Ijyb
  3297 | D:4      | Identified the +6 hand axe of Imminent Death {antimagic,
                  | rPois rF+ rCorr Str-5}
  3427 | D:4      | Noticed an ogre
  3432 | D:4      | Found a transporter.
  3434 | D:4      | Noticed Descartes's ghost (novice FoWr)
  3440 | D:4      | Killed an ogre
  3441 | D:4      | Reached skill level 5 in Fighting
  3441 | D:4      | Reached skill level 5 in Polearms
  3441 | D:4      | Reached skill level 5 in Dodging
  3441 | D:4      | Reached XP level 7. HP: 56/56 MP: 7/7
  3807 | D:4      | Found a transporter.
  4077 | D:5      | Entered Level 5 of the Dungeon
  4259 | D:5      | Noticed Grinder
  4268 | D:5      | Killed Grinder
  4269 | D:5      | Reached XP level 8. HP: 55/64 MP: 6/8
  5045 | D:6      | Noticed Menkaure
  5084 | D:6      | Killed Menkaure
  5200 | D:6      | Reached XP level 9. HP: 70/71 MP: 9/9
  5421 | D:6      | Noticed Eustachio
  5451 | D:6      | Killed Eustachio
  5672 | D:6      | Reached skill level 1 in Armour
  6228 | D:7      | Identified the +0 ring mail of the Butcher {-Tele rElec rF-
                  | rN+++}
  6236 | D:7      | Noticed a gargoyle
  6536 | D:7      | Killed a gargoyle
  6808 | D:6      | Identified a scroll of acquirement
  6808 | D:6      | Acquired the ring "Ramycum" {Will++ rCorr Int-5}
  6877 | D:7      | Noticed a cyclops
  6881 | D:7      | Found the +6 shillelagh "Devastator" {shatter}
  6887 | D:7      | Killed a cyclops
  6929 | D:7      | Reached XP level 10. HP: 80/80 MP: 8/10
  7274 | D:7      | Found a staircase to the Ecumenical Temple.
  7282 | Temple   | Entered the Ecumenical Temple
  7311 | Temple   | Became a worshipper of Sif Muna the Loreminder
  7311 | Temple   | Reached * piety under Sif Muna
  7311 | Temple   | Reached ** piety under Sif Muna
  7984 | D:8      | Noticed Joseph
  7996 | D:8      | Killed Joseph
  7997 | D:8      | Reached skill level 1 in Invocations
  8480 | D:8      | Reached skill level 5 in Armour
  9756 | D:8      | Noticed an ice devil
  9756 | D:8      | Noticed an ice devil
  9796 | D:8      | Killed an ice devil
  9802 | D:8      | Killed an ice devil
  9926 | D:8      | Noticed a freezing wraith
  9927 | D:8      | Noticed an ice devil
  9941 | D:8      | Killed a freezing wraith
  9961 | D:8      | Killed an ice devil
  9979 | D:8      | Found the +8 frozen axe "Frostbite" {freezing cloud, *Noise
                  | Fly rC+}
 10280 | D:9      | Found a flagged portal.
 10291 | Bailey   | Entered a bailey
 10324 | Bailey   | Reached skill level 1 in Axes
 10375 | Bailey   | Reached skill level 5 in Invocations
 10467 | Bailey   | Reached *** piety under Sif Muna
 10469 | Bailey   | Reached XP level 11. HP: 65/87 MP: 11/14
 10482 | Bailey   | Noticed an orc warlord
 10528 | Bailey   | Identified the +0 ring mail "Plog" {+Inv rN+ SInv}
 10531 | Bailey   | Noticed an orc knight
 10536 | Bailey   | Mangled by an orc knight

Illustrated notes

Levels and vault maps discovered:
D:1:      lightli_arrival_statue_moat, layout_basic,
          ebering_ecumenical_altar_mist, minmay_pentomino_q4
D:2:      layout_loops_ring, nicolae_concentric_dashed_squares_mild,
          minmay_misc_feat_rugged
D:3:      layout_basic, okawaru_metal_pillars_1_2, corner_web_ring, uniq_ijyb
D:4:      layout_loops_ring, gammafunk_ghost_stat_death
D:5:      layout_loops_ring, corexii_leaking_fountain,
          chequers_serial_rivers_room_b, amcnicky_mini_corridor_feature,
          uniq_grinder
D:6:      layout_basic, fountainhead, chequers_serial_rivers_micro_e,
          uniq_menkaure, uniq_eustachio
D:7:      layout_cave_pools, minmay_temple_entry_wispy, serial_park,
          serial_park_avenue1, serial_park_square1 [serial_park_minivault_5x5_8]
D:8:      layout_layer_cave, kennysheep_crisscross,
          hellmonk_guarded_unrand_frostbite, uniq_joseph
D:9:      layout_irregular_city, enter_bailey_2, hex_large,
          nrook_mini_backslash, ebering_dispersal_statue_hall, minivault_10
Temple:   regret_index_temple_sigil_plot
Bailey:   bailey_axe_minmay_hex_keep, bailey

Skill      XL: |  1  2  3  4  5  6  7  8  9 10 |
---------------+-------------------------------+-----
Fighting       | 4 5 6 7 8 |  8.6
Polearms       | 4 5 6 7 8 |  8.4
Dodging        | 4 5 6 7 8 |  8.6
Armour         | 3 5 |  5.0
Invocations    | 5 |  5.1
Axes           | 1 |  1.8
Stealth        | |  2.0

Action                   |  1- 3 |  4- 6 |  7- 9 | 10-12 || total
-------------------------+-------+-------+-------+-------++-------
Melee: Spear             |   101 |    82 |     1 |   103 ||   287
       Punch             |     2 |     3 |     2 |     2 ||     9
       Mace              |       |    26 |   121 |    28 ||   175
       Hand axe          |       |       |     2 |       ||     2
       Shillelagh        |       |       |       |    46 ||    46
       Executioner's axe |       |       |       |    52 ||    52
Throw: Throwing net      |       |     1 |       |       ||     1
Evoke: Wand              |       |       |     1 |     3 ||     4
  Use: Scroll            |     2 |     3 |     6 |     9 ||    20
       Potion            |       |     1 |       |     8 ||     9
 Stab: Sleeping          |     9 |     2 |     2 |       ||    13
       Held in net/web   |       |     1 |       |       ||     1
       Distracted        |       |     1 |     1 |       ||     2
Armor: Robe              |    12 |     8 |    22 |       ||    42
       Skin              |       |    17 |       |    35 ||    52
       Scale mail        |       |       |     5 |    72 ||    77
       Leather armour    |       |       |     1 |       ||     1
Dodge: Dodged            |    32 |    53 |   164 |   173 ||   422
